 Dungeon Crawl Stone Soup version 0.19-a0-994-g3c636f0 (webtiles) character file.

722 4thArraOfDagon the Caller (level 7, -3/50 HPs)
             Began as a Demigod Summoner on July 17, 2016.
             Killed by nerve-wracking pain
             ... invoked by Grinder
              (12 damage)
             ... on level 6 of the Dungeon.
             The game lasted 00:08:25 (1204 turns).

4thArraOfDagon the Caller (Demigod Summoner)        Turns: 1204, Time: 00:08:25

Health: -3/50      AC:  3    Str: 14    XL:     7   Next: 19%
Magic:  1/16       EV: 12    Int: 23    God:
Gold:   214        SH:  0    Dex: 16    Spells: 4 memorised, 2 levels left

rFire  . . .     SeeInvis .     f - +2 hand axe (freeze)
rCold  . . .     Gourm    .     a - +0 robe
rNeg   . . .     Faith    +     (no shield)
rPois  .         Spirit   .     (helmet restricted)
rElec  .         Dismiss  .     (no cloak)
rCorr  .         Reflect  .     (no gloves)
SustAt +         Harm     .     k - +0 pair of boots
MR     .....                    i - amulet of faith
Stlth  ++........               (no ring)
                                (no ring)

@: mighty, exhausted, very slightly contaminated, slowed, very slow, not
resistant to hostile enchantments, unstealthy
A: horns 1, high mp 1, weak 1, sustain attributes
a: no special abilities


You were on level 6 of the Dungeon.
You were hungry.

You visited 1 branch of the dungeon, and saw 9 of its levels.

You collected 214 gold pieces.

Inventory:

Hand Weapons
 e - a +0 club
 f - a +2 hand axe of freezing (weapon)
Armour
 a - a +0 robe (worn)
 h - a +1 ring mail
 k - a +0 pair of boots (worn)
Jewellery
 i - an amulet of faith (around neck)
 l - an uncursed ring of fire
Wands
 g - a wand of iceblast (0/15)
 j - a wand of hasting (0/9)
 o - a wand of disintegration (4/24)
 p - a wand of slowing (5/48)
Books
 b - a book of Callings

   Spells                             Type                      Level
   a - Summon Small Mammal            Summoning                    1
   b - Call Imp                       Summoning                    2
   c - Call Canine Familiar           Summoning                    3
   d - Summon Guardian Golem          Hexes/Summoning              3
   e - Summon Lightning Spire         Summoning/Air                4
   f - Summon Ice Beast               Ice/Summoning                4
Comestibles
 c - 2 bread rations
 d - 2 chunks of flesh


   Skills:
 - Level 1.7 Dodging
 - Level 1.7 Stealth
 + Level 4.1 Spellcasting
 * Level 7.2 Summonings


You had 2 spell levels left.
You knew the following spells:

 Your Spells              Type           Power        Failure   Level  Hunger
a - Summon Small Mammal   Summ           ####         1%          1    None
b - Call Canine Familiar  Summ           #####...     1%          3    ##.....
c - Summon Lightning Spi  Summ/Air       ###.....     24%         4    ####...
d - Summon Ice Beast      Ice/Summ       ###.....     24%         4    ####...


Dungeon Overview and Level Annotations

Branches:
Dungeon (10/15)
 Temple: D:4-7         Lair: D:8-11         Orc: D:9-12

Annotations:
D:6 Grinder


Innate Abilities, Weirdness & Mutations

You have an increased reservoir of magic. (+10% MP)
Your attributes are resistant to harm.
You have a pair of small horns on your head.
You are weak. (Str -2)


Message History

Something hits you but does no damage. Something hits you.
Unknown command.
You slash the orc priest! You freeze the orc priest.
You headbutt the orc priest.
You kill the orc priest!
You hit something. You freeze something.
Your bat barely misses something.
Something hits you. Something hits you but does no damage.
Unknown command.
You slash something! You freeze something.
Reactivating autopickup.
You feel a bit more experienced.
You closely miss Grinder. Your bat misses Grinder.
The orc priest invokes the aid of Beogh against you.
Pain shoots through your body!
* * * LOW HITPOINT WARNING * * *
Grinder says, "I used to sell toenails on the black market."
Grinder blinks!
Grinder gestures at you. Pain shoots through your body!
You die...

##.## ##.##### #.## .......
#.[. #.....# #.####. #...5.#
#...... #.....# #######
######+## #.....# .......
........# #.....# ######.
........# #@.b..# #.
......5.####o§...############
........o..o..#...[..........
.......o#######.#############
........# #.# ........# #..
.....?(.. ### #######.. #..


You could see Grinder, an orc priest, an orc and a friendly bat.

Vanquished Creatures
  A hippogriff (D:8)
  3 centaurs
  A giant frog (D:6)
  An orc priest (D:6)
  A hound (D:6)
  2 worker ants (D:9)
  An orc wizard (D:6)
  An adder (D:3)
  2 giant geckos
  3 hobgoblins
  A quokka skeleton (D:7)
  2 rats
19 creatures vanquished.

Vanquished Creatures (collateral kills)
  A hungry ghost (D:6)
  An ice beast (D:6)
  A howler monkey (D:6)
  A crimson imp (D:7)
  A hound (D:6)
  A jelly (D:8)
  2 worker ants
  2 adders
  A giant gecko (D:6)
  A hobgoblin (D:1)
  A kobold (D:1)
  A rat (D:1)
14 creatures vanquished.

Grand Total: 33 creatures vanquished

Notes
Turn   | Place    | Note
-------+----------+-------------------------------------------
     0 | D:1      | 4thArraOfDagon the Demigod Summoner began the quest for the Orb.
     0 | D:1      | Reached XP level 1. HP: 14/14 MP: 5/5
    45 | D:2      | Found a glowing golden altar of the Shining One.
    46 | D:2      | Found a basalt altar of Yredelemnul.
    46 | D:2      | Found a blossoming altar of Fedhas.
    95 | D:2      | Found an opulent altar of Gozag.
   137 | D:2      | You fall through a shaft!
   169 | D:3      | Reached skill level 4 in Summonings
   169 | D:3      | Reached XP level 2. HP: 20/20 MP: 7/7
   271 | D:3      | You fall through a shaft for 3 floors!
   272 | D:6      | ol
   320 | D:7      | Noticed a centaur
   322 | D:7      | lol
   325 | D:7      | Gained mutation: You are weak. (Str -2) [potion of mutation]
   325 | D:7      | Gained mutation: You have a pair of small horns on your head. [potion of mutation]
   328 | D:7      | Killed a centaur
   328 | D:7      | Reached XP level 3. HP: 21/26 MP: 6/9
   328 | D:7      | Reached XP level 4. HP: 27/33 MP: 6/10
   334 | D:7      | Learned a level 3 spell: Call Canine Familiar
   339 | D:7      | Learned a level 4 spell: Summon Lightning Spire
   362 | D:8      | lol
   375 | D:8      | Reached skill level 5 in Summonings
   402 | D:8      | Noticed a hippogriff
   455 | D:8      | Killed a hippogriff
   455 | D:8      | Reached XP level 5. HP: 25/38 MP: 1/12
   471 | D:8      | Noticed a wyvern
   554 | D:10     | Entered Level 10 of the Dungeon
   645 | D:9      | Noticed a centaur
   646 | D:9      | :(
   648 | D:9      | Killed a centaur
   648 | D:9      | Reached skill level 6 in Summonings
   648 | D:9      | Reached XP level 6. HP: 18/45 MP: 12/14
   994 | D:6      | Found a blossoming altar of Fedhas.
   997 | D:5      | Entered Level 5 of the Dungeon
  1014 | D:6      | bad direction
  1116 | D:6      | Learned a level 4 spell: Summon Ice Beast
  1129 | D:5      | Found a snail-covered altar of Cheibriados.
  1162 | D:6      | Noticed a hungry ghost
  1174 | D:6      | Killed a hungry ghost
  1174 | D:6      | Reached skill level 7 in Summonings
  1174 | D:6      | Reached XP level 7. HP: 35/50 MP: 1/16
  1184 | D:6      | Noticed Grinder
  1204 | D:6      | Killed from afar by Grinder

Vault maps used:
D:1:      dpeg_arrival_arbitrary_c, serial_co_window_serial, co_window_corner_a,
          co_window_cross_1, co_window_corner_a, co_window_corner_a,
          co_window_paths_a, co_window_corner_b, co_window_of_opportunity_b,
          co_window_corner_ca, co_window_unsneaky_path_c, co_window_corner_ca,
          co_window_2corner, co_window_4corner_b, co_window_sun
D:2:      nicolae_gozag_cash_rules_everything_around_me,
          nicolae_overflow_quartered_altars
D:3:      lemuel_crystal_altar, minmay_splitting_lines, corexii_leaking_fountain
D:5:      nicolae_overflow_hidden_temple, first_bread, serial_shops, shop,
          nicolae_shop_statue_plus, kennysheep_slug_shrine
D:6:      serial_shops, nicolae_shop_statue_plus, basic_altar, uniq_pikel,
          uniq_grinder
D:7:      uniq_joseph
D:8:      lemuel_coloured_pillars_altar, erik_lair_island
D:9:      special_room

Skill      XL: |  1  2  3  4  5  6 |
---------------+-------------------+-----
Spellcasting   | 2 3 4 |  4.1
Summonings     | 4 5 6 7 |  7.2
Dodging        | |  1.7
Stealth        | |  1.7

Action                   |  1- 3 |  4- 6 |  7- 9 || total
-------------------------+-------+-------+-------++-------
Melee: Unarmed           |     4 |       |       ||     4
       Hand axe          |    14 |    32 |     6 ||    52
       Headbutt          |       |     6 |     1 ||     7
 Cast: Summon Small Mamm |     8 |     4 |     1 ||    13
       Call Canine Famil |       |     9 |       ||     9
       Summon Lightning  |       |     4 |       ||     4
Evoke: Wand              |     3 |     3 |       ||     6
  Use: Scroll            |     4 |       |       ||     4
       Potion            |     1 |       |     2 ||     3
 Stab: Sleeping          |     1 |       |       ||     1
       Distracted        |       |     1 |       ||     1
  Eat: Beef jerky        |       |     2 |       ||     2
Armor: Ring mail         |    10 |     5 |       ||    15
       Robe              |       |     7 |     4 ||    11
Dodge: Dodged            |    11 |    30 |     4 ||    45
